 Dungeon Crawl Stone Soup version 0.18.1-50-g88ac8fd (webtiles) character file.

58 Kirk the Firebug (level 4, 0/27 HPs)
             Began as an Octopode Fire Elementalist on Oct 3, 2016.
             Slain by an adder (5 damage)
             ... on level 2 of the Dungeon.
             The game lasted 00:03:24 (1254 turns).

Kirk the Firebug (Octopode Fire Elementalist)       Turns: 1254, Time: 00:03:25

Health: 0/27       AC:  1    Str:  4 (7)  XL:     4   Next: 2%
Magic:  0/7        EV:  9    Int: 16 (18) God:
Gold:   48         SH:  0    Dex: 11 (12) Spells: 1 memorised, 7 levels left

rFire  . . .     SeeInvis .     c - -1 short sword (curse)
rCold  . . .     Gourm    .     (no shield)
rNeg   . . .     Faith    .     (helmet restricted)
rPois  .         Spirit   .     (no amulet)
rElec  .         Dismiss  .     (no ring)
rCorr  .         Reflect  .     (no ring)
SustAt .         Harm     .     (no ring)
MR     .....                    (no ring)
Stlth  +++.......               (no ring)
                                (no ring)
                                (no ring)
                                (no ring)

@: lethally poisoned (0 -> -2), constricted, not resistant to hostile
enchantments, fairly stealthy
A: almost no armour, amphibious, 8 rings, constrict 8, camouflage 1, gelatinous
body 1
a: no special abilities


You were on level 2 of the Dungeon.
You were hungry.

You visited 1 branch of the dungeon, and saw 2 of its levels.

You collected 48 gold pieces.

Inventory:

Hand Weapons
 c - a cursed -1 short sword (weapon)
 g - a +0 dagger
Potions
 i - a potion of degeneration
Books
 a - a book of Flames

   Spells                             Type                      Level
   a - Flame Tongue                   Conjuration/Fire             1
   b - Throw Flame                    Conjuration/Fire             2
   c - Conjure Flame                  Conjuration/Fire             3
   d - Inner Flame                    Hexes/Fire                   3
   e - Sticky Flame                   Conjuration/Fire             4
   f - Fireball                       Conjuration/Fire             5
Comestibles
 b - 5 bread rations
 d - a slice of pizza


   Skills:
 + Level 0.2 Short Blades
 - Level 2.0 Dodging
 - Level 2.6 Stealth
 + Level 2.6 Spellcasting
 + Level 1.4 Conjurations
 + Level 4.1 Fire Magic


You had 7 spell levels left.
You knew the following spells:

 Your Spells              Type           Power        Failure   Level  Hunger
a - Flame Tongue          Conj/Fire      ##...        10%         1    #......


Dungeon Overview and Level Annotations

Branches:
Dungeon (2/15)

Altars:


Innate Abilities, Weirdness & Mutations

You cannot wear most types of armour.
You are amphibious.
You can wear up to eight rings at the same time.
You can use your tentacles to constrict eight enemies at once.
Your skin changes colour to match your surroundings (Stealth).
Your rubbery body absorbs attacks (AC +1).


Message History

The ball python constricts you. The adder bites you but does no damage.
The ball python bites you. The ball python constricts you.
You hit the ball python. Your grab misses the ball python.
The ball python is moderately wounded.
The adder completely misses you. The adder bites you.
The ball python bites you but does no damage.
The ball python constricts you.
You closely miss the ball python. Your grab misses the ball python.
The ball python is moderately wounded.
You feel sick. The adder bites you. The ball python barely misses you.
The ball python constricts you.
You closely miss the ball python. You grab the ball python.
The ball python is moderately wounded.
You constrict the ball python, but do no damage.
The adder bites you.
* * * LOW HITPOINT WARNING * * *
The ball python bites you.
* * * LOW HITPOINT WARNING * * *
x2 The ball python constricts you.
The adder bites you.
You die...

### #.#
##).#.#..(
#.# #...#
..### #.#
#.#####...
#.[.#...##.#
###.#........
#...#.# ..
#..##.#.#
#####.......#
.......@S..##
########S###


.PP .#.P# ...P# .. ## .P. #.. You could see an adder and a ball python.

Vanquished Creatures
  An adder (D:2)
  A worm (D:2)
  A dart slug (D:1)
  A giant gecko (D:1)
  3 ball pythons
  3 bats (D:1)
  6 giant cockroaches (D:1)
  7 goblins (D:1)
  4 hobgoblins
  2 jackals (D:1)
  3 giant newts (D:1)
  4 kobolds
  3 rats
39 creatures vanquished.

Notes
Turn   | Place    | Note
--------------------------------------------------------------
     0 | D:1      | Kirk the Octopode Fire Elementalist began the quest for the Orb.
     0 | D:1      | Reached XP level 1. HP: 11/11 MP: 3/3
   191 | D:1      | Reached XP level 2. HP: 17/17 MP: 3/5
   396 | D:1      | Reached XP level 3. HP: 14/21 MP: 1/6
   487 | D:1      | Reached skill level 4 in Fire Magic
  1237 | D:2      | Reached XP level 4. HP: 26/27 MP: 2/7
  1254 | D:2      | Slain by an adder

Skill      XL: |  1  2  3 |
---------------+----------+-----
Fire Magic     | 4 |  4.1
Short Blades   | |  0.2
Dodging        | |  2.0
Stealth        | |  2.6
Spellcasting   | |  2.6
Conjurations   | |  1.4

Action                   |  1- 3 |  4- 6 || total
-------------------------+-------+-------++-------
Melee: Short sword       |    32 |     6 ||    38
       Constrict         |     7 |     1 ||     8
       Tentacles         |     6 |       ||     6
 Cast: Flame Tongue      |    51 |     5 ||    56
  Use: Scroll            |     4 |       ||     4
       Potion            |     1 |     2 ||     3
  Eat: Chunk             |     1 |       ||     1
Armor: Skin              |    16 |     3 ||    19
Dodge: Dodged            |    28 |     4 ||    32
